Map: Ice and Chrome LE

Players

Nina

  • Race: Protoss Protoss
  • League: Grandmaster
  • Spawn Location: 1:00

Astrea - Winner!

  • Race: Protoss Protoss
  • Spawn Location: 7:00

Event: DreamHack SC2 Masters 2020 Summer North America

VOD

Have the link to the VOD?

Description

Time

  • Played on: July 10, 2020, 3:17 p.m.
  • Length: 7:04

All games in this series

Show
View Real Time Build Order
Export as new Build Order

Nina Protoss 

Build Orders:  

Get SALT Encoding   

  12  0:00  Probe  
  13  0:13  Probe  
  14  0:18  Pylon  
  14  0:24  Probe  
  15  0:32  Probe  
  15  0:40  Gateway, Probe  
  17  0:51  Probe  
  18  0:57  Assimilator  
  18  1:03  Probe  
  19  1:14  Gateway  
  19  1:15  Probe  
  20  1:27  Cybernetics Core, Probe  
  21  1:33  Pylon  
  21  1:39  Probe  
  22  1:53  Probe  
  23  1:56  Adept x2  
  23  2:06  Probe  
  23  2:07  Warp Gate  
  28  2:13  Pylon  
  28  2:28  Nexus  
  28  2:33  Assimilator  
  28  2:40  Stalker  
  30  2:47  Stalker  
  32  2:55  Probe  
  32  2:57  Shield Battery  
  31  3:06  Shield Battery  
  31  3:07  Probe  
  32  3:18  Robotics Facility  
  32  3:21  Stalker  
  32  3:22  Stalker  
  37  3:34  Probe  
  35  4:00  Stalker  
  35  4:01  Stalker  
  35  4:03  Immortal  
  35  4:24  Stalker x2  
  34  4:43  Pylon  
  30  4:55  Probe  
  30  4:59  Probe  
  32  5:00  Pylon  
  32  5:04  Probe  
  29  5:18  Probe  
  24  5:38  Adept  
  24  5:40  Probe  
  26  5:46  Probe  
  26  5:50  Adept, Probe  
  28  5:58  Probe x2  
  30  6:08  Probe  
  30  6:10  Probe  
  31  6:15  Adept  
  34  6:24  Probe  
  35  6:26  Adept  
  35  6:30  Probe  
  38  6:37  Probe  
  37  6:40  Adept  
  37  6:46  Probe  
  40  6:49  Probe  
  40  6:50  Adept  
  43  7:01  Adept  
Show
View Real Time Build Order
Export as new Build Order

Astrea Protoss - Winner!

Build Orders:  

Get SALT Encoding   

  12  0:00  Probe  
  13  0:12  Probe  
  14  0:17  Pylon  
  14  0:23  Probe  
  15  0:31  Probe  
  16  0:36  Gateway  
  16  0:41  Probe  
  16  0:42  Assimilator  
  17  0:53  Probe  
  17  0:55  Assimilator  
  18  1:01  Probe  
  18  1:08  Gateway  
  18  1:09  Probe  
  20  1:20  Probe  
  20  1:22  Cybernetics Core  
  21  1:30  Pylon  
  21  1:32  Probe  
  22  1:39  Pylon  
  22  1:44  Probe  
  23  1:49  Warp Gate  
  23  2:00  Stalker  
  23  2:01  Stalker  
  27  2:05  Probe  
  28  2:29  Gateway  
  28  2:30  Stalker  
  28  2:31  Stalker  
  32  2:54  Nexus  
  32  3:08  Pylon  
  32  3:09  Probe  
  33  3:17  Pylon  
  32  3:21  Probe  
  33  3:35  Probe  
  33  3:38  Stalker x3  
  40  3:47  Probe  
  37  3:59  Probe  
  38  4:04  Stalker x2  
  38  4:05  Stalker  
  42  4:15  Probe  
  43  4:25  Probe  
  44  4:35  Adept x3  
  44  4:48  Probe  
  44  4:49  Probe  
  44  4:51  Stargate  
  42  4:56  Probe  
  42  4:58  Probe  
  42  4:59  Adept x3  
  44  5:04  Probe  
  46  5:09  Probe  
  46  5:14  Probe  
  46  5:21  Probe  
  47  5:24  Adept x3  
  47  5:26  Probe  
  51  5:35  Phoenix  
  51  5:37  Probe  
  51  5:38  Probe  
  51  5:47  Assimilator  
  51  5:49  Assimilator, Probe  
  54  5:51  Probe  
  54  5:54  Phoenix  
  51  5:57  Sentry  
  51  5:58  Stalker x2  
  51  6:01  Probe  
  51  6:03  Pylon  
  60  6:15  Robotics Facility  
  60  6:16  Phoenix  
  60  6:18  Pylon  
  60  6:19  Probe  
  63  6:31  Adept x3  
  69  6:33  Phoenix  
  67  6:44  Pylon  
  69  6:51  Pylon  
  69  6:52  Stalker x3  
Tags
 
Add a new tag
Caveats
  • Supply blocks, unpowered buildings, or Contaminate may cause inaccurate times.
  • Supply counts are checked every 10 seconds.